AoeStats
← David Cerati

Golden Pit

510030321Analyzed
1v1 RM · 4d ago on Sep 29, 2026· 36m 47s· 2 players
Game mode
Random Map
Map size
Tiny (2 player)
Population
200
Speed
Normal
Resources
Standard
Victory
Conquest
Starting age
Dark Age
Ending age
Imperial Age
RankedLock teamsTeams togetherTeam positionsShared explorationLock speedFull tech treeHidden civsTurbo modeCheats
Victory
Defeat
🇨🇱 Turks · Chile
790
+15
🇺🇸 Magyars · United States
759
-15
STALE MAN4598
11:02 Loom
12:47 Feudal Age
14:29 Double-Bit Axe
18:10 Horse Collar
23:58 Castle Age
23:34 Bloodlines
David Cerati
7:32 Loom
10:24 Feudal Age
12:23 Wheelbarrow
18:28 Double-Bit Axe
19:20 Fletching
19:35 Padded Archer Armor
21:36 Horse Collar
23:08 Bloodlines
25:49 Castle Age
25:11 Forging
25:01 Scale Mail Armor
27:17 Town Watch
28:40 Scale Barding Armor
30:26 Crossbowman
33:46 Bodkin Arrow
34:06 Leather Archer Armor
34:53 Husbandry
Connection lost

Rejoining the realm…

Still unreachable

The connection could not be restored.

Session expired

The server has moved on; the page needs a fresh start.